 Dungeon Crawl Stone Soup version 0.26-a0-540-g8a0c9464d7 (webtiles) character file.

Game seed: 10552476714934712055

11 vurker the Sneak (level 2, -1/24 HPs)
             Began as a Formicid Delver on Aug 24, 2020.
             Slain by a big kobold
             ... wielding a +0 club
              (4 damage)
             ... on level 3 of the Dungeon.
             The game lasted 00:01:05 (501 turns).

vurker the Sneak (Formicid Delver)                   Turns: 501, Time: 00:01:05

Health: -1/24      AC:  4    Str: 16    XL:     2   Next: 40%
Magic:  2/2        EV: 12    Int:  9    God:
Gold:   0          SH:  0    Dex: 12    Spells: 1/1 levels left

rFire    . . .     SeeInvis +   a - +0 hand axe
rCold    . . .     Faith    .   (no shield)
rNeg     + . .     Spirit   .   b - +0 leather armour
rPois    .         Reflect  .   (helmet unavailable)
rElec    .         Harm     .   (no cloak)
rCorr    .                      f - +0 pair of gloves
MR       .....                  (no boots)
Stlth    +++.......             (no amulet)
HPRegen  0.08/turn              g - ring of positive energy
MPRegen  0.08/turn              (no ring)

@: no status effects
A: permanent stasis, dig shafts and tunnels, four strong arms, antennae 3
a: Dig, Shaft Self


You were on level 3 of the Dungeon.
You visited 1 branch of the dungeon, and saw 3 of its levels.

Inventory:

Hand Weapons
 a - a +0 hand axe (weapon)
Armour
 b - a +0 leather armour (worn)
 f - a +0 pair of gloves (worn)
   (You found it on level 5 of the Dungeon)
Jewellery
 g - a ring of positive energy (left hand)
   (You found it on level 4 of the Dungeon)
Wands
 v - a wand of digging (3)
Scrolls
 c - a scroll of fog
 d - a scroll of magic mapping
 e - a scroll of fear


   Skills:
 + Level 3.5 Fighting
 * Level 2.6 Axes
 - Level 1.7 Dodging
 - Level 6.0 Stealth


You had one spell level left.
You didn't know any spells.
Your spell library was empty.

Dungeon Overview and Level Annotations

Branches:
Dungeon (5/15)
 Temple: D:4-7

Altars:
Yredelemnul


Innate Abilities, Weirdness & Mutations

You cannot be hasted, slowed, berserked, paralysed or teleported.
You can dig through walls and to a lower floor.
Your four strong arms can wield two-handed weapons with a shield.
You have a pair of large antennae on your head. (SInv)


Message History

No target in view!
No target in view!
No target in view!
No target in view!
No target in view!
No target in view!
No target in view!
No target in view!
No target in view!
No target in view!
You start resting.
You extend your mandibles.
You dig through the rock wall.
A hobgoblin comes into view.
The hobgoblin hits you.
You retract your mandibles.
You slash the hobgoblin!
You kill the hobgoblin!
You see here a hobgoblin corpse.
You sense a monster nearby.
A big kobold comes into view. It is wielding a +0 club.
Found a stone staircase leading up.
Unknown command.
There is a stone staircase leading up here.
The helpless big kobold fails to defend itself.
You hit the big kobold.
The big kobold hits you but does no damage.
You hit the big kobold but do no damage.
The big kobold closely misses you.
Your leather armour prevents you from hitting the big kobold.
The big kobold barely misses you.
You barely miss the big kobold.
The big kobold hits you but does no damage.
You closely miss the big kobold. The big kobold hits you with a +0 club.
You barely miss the big kobold. The big kobold hits you with a +0 club.
You hit the big kobold.
The big kobold hits you but does no damage.
You closely miss the big kobold.
The big kobold hits you but does no damage.
The big kobold hits you with a +0 club.
You closely miss the big kobold. The big kobold hits you with a +0 club.
* * * LOW HITPOINT WARNING * * *
You hit the big kobold. The big kobold closely misses you.
You closely miss the big kobold.
The big kobold hits you but does no damage.
You hit the big kobold. The big kobold closely misses you.
You hit the big kobold. The big kobold barely misses you.
You miss the big kobold. The big kobold hits you with a +0 club.
* * * LOW HITPOINT WARNING * * *
You barely miss the big kobold. The big kobold hits you with a +0 club.
You die...

..#..######.#.#
#.##.#######.#
#.. ..#.# #.##.#
{{##. ###.#
#.##.# {{ #. #.#
#.##.# ..
..######.##.# #.
..........# ..
.......#..#
#############..#
......K@.......#
######.######.##
#. ..# ## ###


You could see a big kobold.

Vanquished Creatures
  A worm (D:3)
  A goblin (D:3)
  2 hobgoblins (D:3)
  3 jackals (D:3)
7 creatures vanquished.

Notes
Turn   | Place    | Note
-------+----------+-------------------------------------------
     0 | D:5      | vurker the Formicid Delver began the quest for the Orb.
     0 | D:5      | Reached XP level 1. HP: 18/18 MP: 1/1
    65 | D:3      | Reached XP level 2. HP: 5/24 MP: 2/2
   325 | D:3      | Found a basalt altar of Yredelemnul.
   480 | D:3      | Noticed a big kobold
   501 | D:3      | Slain by a big kobold

Illustrated notes

Levels and vault maps discovered:
D:3:      cheibrodos_old_hovel, layout_basic, nicolae_overflow_crystal_walls,
          uniq_robin
D:4:      layout_gridville, vehumet_crystals, nicolae_ashenzari_panopticon,
          nicolae_ossuary_entry_false_entrances
D:5:      layout_rooms, tgw_trog, lemuel_round_altar,
          minmay_temple_entry_crystal_x, makhleb_blood_cavern_becter

Action                   || total
-------------------------++-------
Melee: Hand axe          ||    44
 Abil: Dig               ||     3
 Stab: Sleeping          ||     1
Armor: Leather armour    ||    11
Dodge: Dodged            ||    27

Table legend: (Time is in decaauts)
 A = Elapsed time spent in this place.
 B = Non-inter-level travel time spent in this place.
 C = Inter-level travel time spent in this place.
 D = Time resting spent in this place.
 E = Time spent auto-exploring this place.
 F = Levels seen in this place.
 G = Mean time per level.
                   A        B        C        D        E       F      G
               +--------+--------+--------+--------+--------+-----+--------+
         Total |    508 |    508 |      0 |     56 |    297 |   3 |  169.3 |
       Dungeon |    508 |    508 |      0 |     56 |    297 |   3 |  169.3 |
               +--------+--------+--------+--------+--------+-----+--------+

Top non-repeatable levels by time:
     D:3: 470 daAuts
     D:4: 24 daAuts
     D:5: 14 daAuts
